Map: Sentinel LE

Players

MattBarry - Winner!

  • Race: Zerg Zerg
  • Spawn Location: 12:00

MattBarry - Winner!

  • Race: Protoss Protoss
  • Spawn Location: 9:00

Alebay - Winner!

  • Race: Protoss Protoss
  • Spawn Location: 9:00

hoplitefury

  • Race: Terran Terran
  • Spawn Location: 6:00

IIIIIIIIIIII

  • Race: Terran Terran
  • Spawn Location: 5:00

OnePunch

  • Race: Terran Terran
  • Spawn Location: 5:00

VOD

Have the link to the VOD?

Description

Time

  • Played on: Jan. 5, 2023, 2:30 a.m.
  • Length: 18:14
Show
View Real Time Build Order
Export as new Build Order

MattBarry Zerg - Winner!

Build Orders: Hatch First 

Get SALT Encoding   

  12  0:01  Drone  
  13  0:37  Hatchery  
  12  0:47  Drone  
  13  0:54  Spawning Pool  
  12  1:02  Drone  
  12  1:04  Drone  
  14  1:11  Overlord  
  14  1:20  Extractor  
  14  1:22  Drone  
  14  1:41  Drone  
  14  1:43  Drone  
  16  1:49  Drone  
  17  1:58  Drone  
  18  2:05  Drone, Overlord  
  18  2:07  Drone  
  20  2:11  Drone  
  20  2:12  Queen  
  23  2:21  Queen  
  25  2:29  Metabolic Boost  
  25  2:32  Drone  
  25  2:34  Zergling x2  
  25  2:59  Drone x2  
  27  3:06  Queen  
  29  3:13  Baneling Nest  
  28  3:39  Drone x2  
  28  3:40  Drone  
  31  3:42  Drone  
  31  3:43  Drone  
  31  3:45  Queen  
  34  3:56  Zergling x4  
  36  4:03  Overlord x2  
  36  4:21  Queen  
  38  4:29  Lair  
  38  4:35  Evolution Chamber  
  37  4:40  Evolution Chamber  
  37  4:44  Drone x5  
  37  4:45  Drone x4  
  45  5:06  Zerg Ground Armor Level 1  
  45  5:07  Drone x2  
  45  5:11  Drone  
  48  5:17  Zergling x2  
  49  5:24  Extractor  
  48  5:38  Hatchery  
  47  5:45  Extractor  
  47  5:48  Extractor  
  45  5:54  Hatchery  
  44  6:05  Pneumatized Carapace  
  44  6:08  Drone x5  
  49  6:11  Queen  
  49  6:13  Overlord x3  
  49  6:40  Zergling x2  
  49  6:41  Zergling x12  
  49  6:42  Zergling x8  
  59  6:47  Queen  
  60  6:57  Spore Crawler  
  60  6:59  Spore Crawler  
  60  7:01  Overseer  
  48  7:22  Drone  
  48  7:23  Queen, Drone x8  
  48  7:27  Drone  
  48  7:28  Drone x2  
  61  7:47  Drone  
  61  7:48  Drone x6  
  65  8:39  Zergling x2  
  65  8:40  Zergling x8  
  65  8:41  Queen x2  
  72  8:42  Hatchery  
  72  8:45  Zerg Ground Armor Level 2  
  72  8:47  Zerg Melee Weapons Level 1  
  73  8:52  Drone  
  73  8:54  Overlord  
  74  8:58  Overlord x2  
  74  9:01  Centrifugal Hooks  
  74  9:10  Overseer  
  74  9:11  Overseer  
  74  9:17  Baneling  
  74  9:18  Baneling x7  
  74  10:04  Drone x3  
  74  10:05  Drone x4  
  81  10:19  Zergling x2  
  81  10:20  Zergling x10, Overlord x5  
  87  10:25  Hydralisk Den  
  86  10:30  Hydralisk Den  
  85  10:54  Overseer x2  
  85  10:55  Overseer  
  85  10:59  Zerg Missile Weapons Level 1  
  85  11:00  Grooved Spines  
  85  11:01  Muscular Augments  
  85  11:02  Hydralisk  
  85  11:03  Hydralisk x3  
  93  11:05  Overlord  
  93  11:06  Overlord  
  93  11:18  Drone  
  94  11:19  Drone x12  
  87  11:47  Hydralisk  
  87  11:48  Hydralisk x5  
  95  12:08  Drone x6  
  97  12:09  Drone x2  
  96  12:15  Drone  
  96  12:16  Drone x2  
  96  12:18  Overlord  
  96  12:19  Hydralisk x2  
  99  12:43  Extractor  
  98  12:46  Extractor  
  97  12:56  Hatchery  
  96  13:40  Hydralisk  
  96  13:41  Hydralisk x2  
  98  13:42  Hydralisk x13  
  126  14:00  Hydralisk  
  126  14:01  Hydralisk x11  
  150  14:25  Queen  
  150  14:26  Hydralisk  
  150  14:27  Hydralisk x2  
  150  14:28  Overlord  
  158  15:01  Hydralisk, Queen  
  158  15:02  Hydralisk x2  
  164  15:37  Queen  
  162  16:55  Hydralisk  
Show
View Real Time Build Order
Export as new Build Order

MattBarry Protoss - Winner!

Build Orders:  

Get SALT Encoding   

  12  0:00  Probe  
  13  0:12  Probe  
  14  0:19  Pylon  
  14  0:24  Probe  
  15  0:37  Probe  
  15  0:39  Gateway  
  16  0:45  Assimilator  
  16  0:49  Probe  
  17  1:01  Probe  
  18  1:13  Pylon  
  18  1:14  Probe  
  19  1:26  Probe  
  19  1:28  Cybernetics Core  
  20  1:38  Probe  
  21  1:50  Probe  
  22  1:56  Nexus  
  22  2:02  Probe  
  22  2:04  Adept  
  22  2:06  Warp Gate  
  25  2:12  Assimilator  
  25  2:14  Probe  
  26  2:26  Probe  
  27  2:30  Pylon  
  27  2:36  Adept  
  29  2:43  Probe  
  30  2:57  Gateway  
  30  3:00  Gateway  
  30  3:06  Adept  
  30  3:09  Probe x2  
  34  3:21  Probe x2  
  34  3:23  Forge  
  36  3:33  Probe  
  37  3:34  Probe  
  38  3:43  Assimilator  
  38  3:45  Probe  
  38  3:46  Probe  
  40  3:57  Adept x3  
  46  4:03  Protoss Ground Weapons Level 1, Probe x2  
  46  4:08  Robotics Facility  
  48  4:13  Pylon  
  48  4:15  Probe  
  48  4:16  Pylon  
  49  4:18  Probe  
  50  4:27  Probe  
  50  4:30  Probe  
  48  4:47  Probe x2  
  48  5:14  Adept x3  
  44  5:16  Warp Prism  
  44  5:18  Probe x2  
  52  5:21  Robotics Bay  
  52  5:23  Twilight Council  
  52  5:25  Forge  
  52  5:27  Pylon  
  52  5:30  Probe x2  
  52  5:34  Assimilator  
  54  5:39  Photon Cannon  
  54  5:42  Photon Cannon  
  54  5:48  Probe x2 (Chrono Boost)  
  56  5:51  Nexus  
  56  5:53  Pylon  
  56  5:54  Observer (Chrono Boost)  
  56  5:56  Zealot x3  
  65  5:58  Probe x2 (Chrono Boost)  
  65  6:04  Gateway  
  65  6:05  Shield Battery  
  65  6:08  Gateway  
  64  6:18  Adept  
  64  6:19  Adept  
  61  6:41  Charge  
  61  6:44  Protoss Ground Armor Level 1 (Chrono Boost)  
  61  6:50  Protoss Ground Weapons Level 2 (Chrono Boost)  
  61  6:53  Disruptor  
  64  6:56  Zealot x2  
  64  6:59  Sentry  
  70  7:19  Pylon  
  70  7:21  Stalker  
  70  7:22  Stalker x3  
  78  7:33  Disruptor  
  81  7:41  Probe x2  
  81  7:42  Probe  
  81  7:43  Pylon  
  84  7:46  Assimilator  
  84  7:50  Assimilator  
  84  7:52  Zealot x3  
  84  7:53  Zealot, Probe  
  84  7:54  Probe  
  94  8:08  Zealot  
  96  8:35  Disruptor  
  96  8:36  Zealot x3  
  96  8:37  Zealot x2  
  109  8:42  Protoss Ground Armor Level 2 (Chrono Boost), Blink  
  106  9:07  Zealot  
  108  9:16  Photon Cannon  
  108  9:18  Probe  
  108  9:20  Protoss Ground Weapons Level 3 (Chrono Boost)  
  108  9:22  Pylon  
  109  9:24  Pylon  
  109  9:26  Pylon  
  109  9:27  Gateway  
  109  9:29  Gateway  
  109  9:30  Gateway  
  109  9:32  Gateway  
  109  9:34  Pylon  
  109  9:35  Pylon  
  109  9:38  Probe x2  
  109  9:40  Probe  
  109  9:44  Observer  
  111  9:50  Probe x2  
  113  10:14  Stalker  
  113  10:15  Stalker x4  
  122  10:23  Probe x3  
  122  10:27  Zealot x3  
  131  10:35  Probe x3  
  132  10:40  Stalker  
  132  10:41  Stalker x5  
  126  11:05  Stalker x6  
  126  11:06  Stalker x2  
  126  11:07  Stalker  
  123  11:30  Stalker  
  123  11:31  Stalker x4  
  123  11:32  Stalker x4  
  139  11:39  Observer  
  140  11:48  Protoss Ground Armor Level 3 (Chrono Boost)  
  140  12:00  Pylon  
  140  12:01  Observer  
  141  12:02  Pylon  
  141  12:05  Pylon  
  141  12:21  Stalker x3  
  141  12:22  Stalker x4  
  153  12:23  Zealot x2  
  159  12:38  Nexus  
  159  12:40  Pylon  
  159  12:42  Pylon  
  159  12:44  Pylon  
  159  13:03  Stalker  
  159  13:04  Stalker x7  
  159  13:05  Stalker  
  165  13:50  Zealot x4  
  165  13:51  Zealot x5  
  183  14:00  Stargate x2  
  183  14:02  Stargate  
  183  14:03  Stargate  
  177  14:30  Stalker x6  
  177  14:31  Stalker x3  
  182  14:39  Photon Cannon  
  182  14:41  Photon Cannon  
  182  14:42  Pylon  
  182  14:43  Photon Cannon  
  182  14:44  Photon Cannon  
  180  15:51  Templar Archives  
  180  15:52  Protoss Shields Level 1  
  172  16:54  Stalker x5  
  172  16:55  Stalker x4  
  162  17:15  Assimilator  
  140  17:19  Assimilator  
  136  17:48  Cybernetics Core  
  136  17:51  Fleet Beacon  
  136  17:53  Pylon  
Show
View Real Time Build Order
Export as new Build Order

Alebay Protoss - Winner!

Build Orders: Carriers 

Get SALT Encoding   

  12  0:00  Probe  
  13  0:12  Probe  
  14  0:18  Pylon  
  14  0:24  Probe  
  15  0:30  Assimilator  
  15  0:36  Probe  
  16  0:47  Gateway  
  16  0:49  Probe  
  17  1:01  Probe  
  17  1:02  Pylon  
  18  1:13  Probe  
  18  1:15  Assimilator  
  19  1:25  Probe  
  20  1:26  Forge  
  20  1:37  Probe  
  21  1:40  Pylon  
  21  1:43  Zealot  
  23  1:49  Probe  
  24  2:11  Nexus  
  24  2:16  Probe  
  24  2:19  Zealot  
  27  2:32  Cybernetics Core  
  27  3:04  Pylon  
  27  3:08  Adept  
  29  3:14  Probe  
  29  3:18  Protoss Ground Weapons Level 1  
  30  3:25  Probe  
  30  3:26  Pylon  
  30  3:27  Probe  
  32  3:30  Warp Gate  
  32  3:35  Gateway  
  32  3:37  Probe  
  32  3:38  Adept  
  35  3:59  Probe x2  
  37  4:08  Adept  
  39  4:11  Probe x2  
  39  4:13  Gateway  
  41  4:23  Probe x2  
  43  4:28  Pylon  
  43  4:37  Adept  
  45  4:44  Probe x2  
  47  4:47  Assimilator  
  47  4:49  Assimilator  
  47  4:56  Probe x2  
  43  5:11  Probe x2  
  45  5:20  Adept x3  
  51  5:23  Probe x2  
  51  5:27  Protoss Ground Armor Level 1  
  53  5:35  Probe x2  
  55  5:36  Pylon  
  55  5:37  Pylon  
  55  5:44  Photon Cannon  
  55  5:47  Probe x2  
  57  5:57  Twilight Council  
  57  6:01  Adept x2  
  57  6:02  Adept  
  63  6:43  Stalker x3  
  69  6:58  Probe x2  
  71  7:10  Photon Cannon, Probe x2  
  71  7:12  Photon Cannon  
  73  7:20  Photon Cannon  
  73  7:31  Probe  
  74  7:37  Protoss Ground Weapons Level 2  
  74  7:39  Resonating Glaives  
  74  7:57  Nexus  
  74  8:00  Gateway  
  74  8:02  Gateway  
  74  8:03  Gateway  
  74  8:24  Stalker x3  
  80  8:40  Pylon  
  80  8:43  Pylon  
  80  9:03  Pylon  
  80  9:06  Pylon  
  80  9:07  Stargate  
  80  9:09  Protoss Air Weapons Level 1, Stargate  
  80  9:13  Probe x2  
  80  9:15  Probe  
  83  9:19  Charge  
  83  9:24  Stalker x2  
  83  9:25  Stalker x4, Probe x2  
  83  9:27  Probe  
  98  9:37  Pylon, Probe  
  99  9:39  Pylon  
  99  9:54  Assimilator  
  99  9:57  Assimilator  
  99  10:03  Zealot x2  
  99  10:04  Zealot x4  
  111  10:11  Protoss Ground Armor Level 2  
  111  10:17  Fleet Beacon  
  111  10:19  Stargate  
  111  10:40  Stalker x5  
  111  10:41  Stalker  
  123  11:00  Blink  
  123  11:02  Carrier (Chrono Boost)  
  141  11:06  Zealot x3  
  141  11:09  Carrier x2 (Chrono Boost)  
  147  11:16  Pylon  
  147  11:18  Pylon  
  147  11:56  Probe  
  147  11:58  Probe  
  147  12:00  Carrier (Chrono Boost)  
  155  12:06  Carrier  
  162  12:08  Probe  
  162  12:10  Probe  
  163  12:20  Probe  
  163  12:22  Probe  
  159  12:33  Zealot x2  
  159  12:34  Zealot x4, Probe  
  172  12:41  Pylon  
  172  12:43  Pylon  
  172  12:45  Pylon  
  172  12:46  Protoss Ground Weapons Level 3  
  172  12:47  Pylon  
  172  12:48  Pylon  
  172  12:59  Carrier  
  172  13:01  Carrier  
  184  13:11  Carrier  
  190  13:15  Protoss Air Weapons Level 2  
  120  13:48  Zealot x4  
  122  13:49  Zealot x2  
  132  14:04  Carrier  
  132  14:06  Carrier  
  132  14:09  Stalker x6  
  156  14:15  Carrier  
  152  14:35  Stalker x3  
  152  14:36  Stalker x3  
  156  15:12  Zealot x3  
  156  15:13  Zealot x3  
  168  15:15  Carrier x2  
  168  15:19  Carrier  
  182  16:19  Carrier  
  188  16:26  Zealot x4  
  188  16:27  Zealot x2  
Show
View Real Time Build Order
Export as new Build Order

hoplitefury Terran 

Build Orders:  

Get SALT Encoding   

  12  0:22  Supply Depot  
  12  0:24  SCV  
  13  0:36  SCV  
  13  0:41  Refinery  
  14  0:48  SCV  
  14  0:49  Barracks  
  15  1:01  SCV  
  16  1:13  SCV  
  17  1:25  SCV  
  18  1:37  SCV  
  19  1:41  Supply Depot  
  19  1:46  Supply Depot  
  19  1:48  Barracks Reactor  
  19  1:49  SCV  
  20  1:59  Barracks  
  20  2:01  SCV  
  21  2:13  SCV  
  22  2:25  SCV  
  23  2:31  Factory  
  23  2:35  Supply Depot  
  23  2:38  SCV  
  24  2:50  SCV  
  24  2:51  Barracks Reactor  
  25  3:07  Marine x2  
  27  3:24  Marine x2  
  29  3:27  Refinery  
  29  3:28  SCV  
  30  3:35  Marine x2  
  32  3:42  Marine x2  
  34  3:50  Command Center  
  34  3:52  Marine  
  34  3:53  Marine  
  36  4:00  Widow Mine, Marine x2  
  40  4:11  Reaper x2  
  42  4:23  Armory  
  42  4:44  Starport  
  35  5:22  Marine x2  
  35  5:27  SCV  
  38  5:35  Medivac  
  40  5:39  SCV  
  40  5:40  Marine x2  
  43  5:46  Terran Vehicle Weapons Level 1  
  43  5:51  SCV  
  44  5:58  Marine x2  
  44  6:01  Hellion  
  44  6:04  SCV  
  49  6:16  Marine x2, SCV  
  52  6:22  Hellion  
  54  6:33  Marine  
  54  6:34  Marine  
  56  6:44  Hellion  
  58  6:51  Marine x2  
  59  7:05  Hellion  
  61  7:09  Marine  
  61  7:13  Factory  
  62  7:41  Terran Vehicle And Ship Armor Level 1  
  62  7:56  Marine  
  62  7:58  Marine  
  62  7:59  Marine  
  62  8:04  Hellbat  
  62  8:05  Hellion x4  
  51  8:14  Marine  
  51  8:17  Marine  
  51  8:25  Hellbat  
  39  8:46  Hellbat  
  41  8:55  Supply Depot  
  41  9:03  Hellion  
  41  9:08  Hellbat, SCV  
  46  9:20  SCV  
  46  9:23  Armory  
  47  9:25  Hellion  
  49  9:32  SCV  
  49  9:35  Terran Ship Weapons Level 1  
  50  9:44  Factory, SCV  
  53  9:56  SCV  
  52  10:09  Factory Tech Lab  
  52  10:21  Factory  
  52  10:39  Thor  
  58  10:44  Command Center  
  58  10:57  Refinery  
  58  11:01  Refinery  
  58  11:22  Thor  
  64  12:05  Thor  
  48  12:47  Thor  
  54  12:56  SCV  
  55  13:09  SCV  
  37  13:48  Thor  
Show
View Real Time Build Order
Export as new Build Order

IIIIIIIIIIII Terran 

Build Orders: Gas First Reaper Expand 

Get SALT Encoding   

  12  0:00  SCV  
  13  0:12  SCV  
  14  0:19  Supply Depot  
  14  0:29  SCV  
  14  0:31  Refinery  
  15  0:41  SCV  
  16  0:46  Barracks  
  16  0:53  SCV  
  17  1:05  SCV  
  18  1:17  SCV  
  19  1:35  Reaper, Orbital Command  
  20  1:44  Command Center  
  20  1:57  Supply Depot  
  20  2:02  Factory  
  20  2:05  SCV  
  21  2:18  SCV, Refinery  
  21  2:21  Barracks Reactor  
  22  2:30  SCV  
  23  2:47  SCV  
  23  2:50  Hellion  
  26  2:57  Orbital Command  
  25  3:00  Starport  
  25  3:01  SCV  
  25  3:02  Marine x2  
  28  3:06  Refinery  
  28  3:14  SCV  
  28  3:16  Factory Reactor  
  29  3:20  Marine x2  
  29  3:25  SCV  
  32  3:27  SCV  
  33  3:35  Command Center  
  33  3:54  SCV  
  32  3:57  Marine x2  
  32  3:58  SCV  
  32  4:02  Refinery  
  35  4:04  Medivac x2  
  35  4:06  SCV, Factory Tech Lab  
  40  4:12  SCV  
  40  4:15  Marine x2  
  43  4:19  Command Center  
  43  4:25  SCV  
  44  4:32  Supply Depot  
  44  4:34  Supply Depot  
  44  4:36  Marine  
  44  4:37  Marine  
  46  4:47  SCV x2, Siege Tank  
  46  4:52  Orbital Command  
  51  4:54  Marine  
  51  4:55  Marine  
  53  5:00  Fusion Core  
  53  5:06  Starport  
  53  5:08  SCV x2  
  55  5:32  Banshee  
  55  5:35  Cloaking Field  
  58  5:36  SCV  
  58  5:37  SCV  
  58  5:41  SCV  
  63  5:43  Hellion  
  63  5:44  Marine x2, Hellion  
  63  5:49  Refinery  
  67  5:51  SCV  
  67  5:53  Starport Tech Lab  
  67  5:54  Weapon Refit  
  67  5:55  Starport  
  68  5:58  Refinery  
  68  5:59  SCV  
  68  6:00  SCV  
  68  6:01  Refinery  
  70  6:04  SCV  
  70  6:05  Marine x2  
  70  6:07  Widow Mine x2  
  68  6:37  SCV x2  
  67  6:43  Battlecruiser  
  73  6:47  Starport Tech Lab  
  73  6:53  SCV  
  73  6:54  Widow Mine x2  
  78  6:57  SCV x2  
  78  6:59  SCV  
  79  7:17  Marine  
  79  7:18  Marine  
  76  7:25  Battlecruiser  
  79  7:33  Battlecruiser  
  79  7:35  Orbital Command  
  79  7:36  Refinery  
  85  7:43  SCV x2  
  87  7:49  Armory, Engineering Bay  
  87  7:55  SCV  
  88  8:02  Refinery  
  88  8:07  SCV  
  88  8:08  SCV  
  88  8:09  SCV x2  
  92  8:14  Supply Depot, Refinery  
  92  8:15  Supply Depot  
  92  8:16  Supply Depot  
  92  8:17  Supply Depot  
  92  8:29  Command Center  
  92  8:30  Refinery  
  92  8:33  Missile Turret, Refinery  
  92  8:35  Marine x2, Battlecruiser  
  92  8:36  Missile Turret  
  92  8:37  Battlecruiser  
  92  8:39  SCV x2  
  92  8:40  SCV  
  109  8:42  Battlecruiser  
  109  8:44  Refinery x2  
  108  8:56  Command Center  
  108  9:06  SCV x2  
  104  9:27  Starport  
  104  9:28  SCV x3  
  104  9:30  Starport, Terran Ship Weapons Level 1  
  108  9:31  SCV  
  108  9:32  Starport  
  108  9:35  Command Center, Refinery  
  108  9:38  Widow Mine x2  
  112  9:40  SCV x3  
  112  9:43  SCV  
  112  9:45  Marine x2  
  117  9:47  Planetary Fortress, Command Center  
  118  9:57  Terran Infantry Weapons Level 1  
  118  9:58  Battlecruiser  
  118  9:59  Hellion x2  
  128  10:02  SCV  
  128  10:03  SCV x3  
  134  10:09  Starport Tech Lab, Raven  
  134  10:10  Starport Tech Lab  
  134  10:12  Marine x2  
  136  10:14  Battlecruiser  
  142  10:21  SCV  
  142  10:22  SCV  
  142  10:23  Planetary Fortress  
  142  10:26  Widow Mine x2  
  148  10:32  SCV x2  
  150  10:44  SCV  
  141  10:59  Battlecruiser  
  141  11:00  Starport Tech Lab  
  141  11:01  Battlecruiser  
  141  11:02  Battlecruiser  
  157  11:06  Widow Mine x2  
  157  11:08  SCV x2  
  157  11:10  SCV x3  
  166  11:12  Marine  
  166  11:13  Marine  
  166  11:16  Planetary Fortress  
  164  11:20  SCV  
  142  11:30  Battlecruiser  
  140  11:37  SCV  
  140  11:38  SCV  
  140  11:40  SCV  
  140  11:44  Battlecruiser x2  
  140  11:46  SCV  
  154  11:47  SCV x2  
  154  11:50  Planetary Fortress  
  154  11:53  Refinery, Terran Ship Weapons Level 2  
  156  11:58  Armory  
  156  11:59  Supply Depot, SCV x2  
  156  12:00  SCV x2  
  160  12:02  SCV  
  161  12:10  Battlecruiser  
  161  12:13  SCV x4  
  161  12:14  SCV  
  172  12:18  Command Center  
  172  12:23  Battlecruiser  
  172  12:27  Battlecruiser  
  184  12:30  Widow Mine x2  
  182  13:07  Battlecruiser  
  182  13:12  Battlecruiser  
  190  13:30  Battlecruiser  
  196  14:24  Battlecruiser  
  196  14:26  Battlecruiser  
Show
View Real Time Build Order
Export as new Build Order

OnePunch Terran 

Build Orders: 2 Factory, Mech 

Get SALT Encoding   

  12  0:00  SCV  
  13  0:12  SCV  
  14  0:21  Supply Depot  
  14  0:25  SCV  
  15  0:35  Refinery  
  15  0:44  Barracks  
  15  0:47  SCV  
  16  0:59  SCV  
  17  1:14  SCV  
  18  1:26  SCV  
  19  1:40  Bunker  
  19  1:43  Marine  
  20  1:47  Orbital Command  
  20  2:00  Marine, Factory  
  21  2:09  Refinery  
  21  2:18  Engineering Bay  
  21  2:24  Command Center  
  21  2:39  Barracks Tech Lab  
  21  2:44  Factory Reactor  
  21  2:48  Factory  
  21  2:53  SCV  
  22  3:05  SCV  
  22  3:08  Supply Depot  
  23  3:19  Missile Turret  
  23  3:20  Missile Turret  
  23  3:21  Hi-Sec Auto Tracking  
  23  3:30  SCV, Marauder  
  26  3:35  Factory Tech Lab  
  26  3:38  Widow Mine  
  28  3:42  SCV  
  28  3:46  Orbital Command  
  29  3:55  Siege Tank  
  32  4:07  Armory  
  32  4:15  Marauder  
  34  4:21  SCV x2  
  36  4:33  SCV  
  37  5:05  Widow Mine x2  
  37  5:06  Siege Tank  
  42  5:08  SCV  
  42  5:09  SCV  
  42  5:19  Terran Vehicle And Ship Armor Level 1  
  42  5:20  SCV  
  42  5:21  SCV  
  44  5:33  SCV x2  
  46  5:41  Refinery  
  46  5:42  Refinery  
  46  5:51  Factory  
  46  5:52  Starport  
  46  5:54  Supply Depot  
  46  5:55  Supply Depot  
  46  6:15  SCV x2  
  48  6:27  SCV x2  
  48  6:32  Starport Tech Lab  
  50  6:37  Armory  
  50  6:39  SCV x2  
  52  6:41  Supply Depot  
  52  6:44  Supply Depot  
  52  6:52  SCV x2  
  54  7:00  Neosteel Armor  
  54  7:04  SCV x2, Siege Tank  
  54  7:07  Factory Tech Lab  
  59  7:10  Widow Mine x2, Command Center  
  65  7:16  SCV x2  
  65  7:20  Raven  
  67  7:28  SCV  
  67  7:29  SCV  
  69  7:34  Terran Vehicle Weapons Level 1  
  69  7:41  SCV  
  69  7:44  Factory  
  70  7:46  Factory  
  70  7:53  SCV  
  71  8:23  Supply Depot x2  
  71  8:25  Supply Depot, Planetary Fortress  
  71  8:28  Supply Depot  
  71  8:29  SCV x2  
  73  8:39  Supply Depot x3, Terran Vehicle And Ship Armor Level 2  
  73  8:41  SCV x2, Factory Tech Lab  
  75  8:42  Factory Tech Lab  
  75  8:43  Drilling Claws  
  75  8:47  Widow Mine x2  
  75  8:48  Thor  
  85  8:53  SCV x2  
  87  8:56  Refinery  
  87  8:57  Refinery  
  87  9:05  SCV x2  
  89  9:30  Thor x2  
  89  9:31  Thor  
  107  9:34  SCV x3  
  110  9:48  Widow Mine x2  
  114  10:02  Terran Vehicle Weapons Level 2  
  114  10:17  Thor x2  
  126  10:24  Command Center  
  126  10:48  Thor x2  
  138  10:55  Marauder  
  140  11:05  Missile Turret x2  
  140  11:06  Missile Turret  
  140  11:16  Marauder  
  140  11:18  Widow Mine x2, Thor  
  152  11:27  Supply Depot  
  152  11:28  Supply Depot  
  152  11:29  Supply Depot  
  152  11:30  Supply Depot  
  152  11:35  Thor  
  152  11:37  Command Center  
  154  11:50  Thor x2  
  154  11:53  Widow Mine x2  
  170  11:55  Marauder  
  170  11:58  Planetary Fortress  
  172  12:16  Marauder  
  172  12:22  Thor x2  
  174  12:25  Widow Mine x2  
  190  12:32  Terran Vehicle And Ship Armor Level 3  
  190  12:37  Terran Vehicle Weapons Level 3  
  190  12:48  Refinery  
  190  12:51  Planetary Fortress  
  190  12:56  Unknown  
  190  13:00  Thor  
  190  13:04  Widow Mine x2  
Tags
 
Add a new tag
Caveats
  • Supply blocks, unpowered buildings, or Contaminate may cause inaccurate times.
  • Supply counts are checked every 10 seconds.